 Dungeon Sprint DCSS version 0.31-a0-986-g5e6e4ef867 (webtiles) character file.

Game seed: 12350455843910273420

5 rocky1 the Ruffian (level 1, 0/13 HPs)
             Began as an Octopode Shapeshifter on Nov 14, 2023.
             Splashed by a jelly's acid (9 damage)
             ... in the Dungeon (Sprint IX: "|||||||||||||||||||||||||||||").
             The game lasted 00:00:14 (139 turns).

rocky1 the Ruffian (Octopode Shapeshifter)           Turns: 139, Time: 00:00:14

Health: 0/13       AC:  1    Str: 13    XL:     1   Next: 80%
Magic:  1/1        EV: 13    Int: 12    God:
Gold:   0          SH:  0    Dex: 11    Spells: 0/0 levels left

rFire   . .          .
                       - Unarmed
rCold   . . .        (no shield)
rNeg    . . .        (helmet currently unavailable)
rPois   .            (no amulet)
rElec   .            (no ring)
rCorr   .            (no ring)
SInv    .            (no ring)
Will    .....        (no ring)
Stlth   +++          (no ring)
HPRegen 0.22/turn    (no ring)
MPRegen 0.07/turn    (no ring)
                     (no ring)

%: no teleportation
@: beast-form
A: beast (slay +1), almost no armour, amphibious, 8 rings, camouflage 1,
gelatinous body 1, (nimble swimmer 1), tentacles
a: Begin Untransformation


You were in the Dungeon.
You were a hulking beast.
You visited 1 branch

Inventory:

Talismans
 b - a beast talisman
 c - a flux talisman
Scrolls
 i - a scroll of blinking
Potions
 a - a potion of lignification
 d - a potion of curing
 e - a potion of heal wounds
 f - a potion of haste
 g - 2 potions of magic
 h - a potion of berserk rage


   Skills:
 * Level 1.0 Fighting
 + Level 2.1 Dodging
 - Level 2.3 Stealth
 * Level 3.7 Unarmed Combat
 + Level 3.3 Shapeshifting


You couldn't memorise any spells.
You didn't know any spells.
Your spell library was empty.

Dungeon Overview and Level Annotations

Branches:
Dungeon (1/1)

Altars:


Innate Abilities, Weirdness & Mutations

You are a hulking beast.
Your limbs bulge with bestial killing power. (Slay +1)
You cannot wear most types of armour.
You are amphibious.
You can wear up to eight rings at the same time.
Your skin changes colour to match your surroundings (Stealth+).
Your rubbery body absorbs attacks. (AC +1, EV +1)
((You are camouflaged when in or above water. (Stealth+)))
You have tentacles for arms and can constrict up to eight enemies at once.


Message History

You kill the ball python!
Your Stealth skill gained 2 levels and is now at level 2!
You see here a ball python corpse.
The helpless rat fails to defend itself.
You bludgeon the rat!
You kill the rat!
The helpless endoplasm fails to defend itself.
You tentacle-slap the endoplasm.
The endoplasm is heavily wounded.
The endoplasm freezes you.
You are frozen.
You tentacle-slap the endoplasm but do no damage.
The endoplasm is heavily wounded.
The endoplasm hits you.
You tentacle-slap the endoplasm but do no damage.
The endoplasm is heavily wounded.
The endoplasm hits you.
You tentacle-slap the endoplasm.
You kill the endoplasm!
You closely miss the giant cockroach. You grab the giant cockroach.
You constrict the giant cockroach. The giant cockroach closely misses you.
You tentacle-slap the giant cockroach.
You kill the giant cockroach!
The helpless endoplasm fails to defend itself.
You bludgeon the endoplasm!
You kill the endoplasm!
Okay, then.
You start resting.
HP restored.
You start waiting.
Done waiting.
You open the door.
A hound, an iguana, an ice beast, an orc and a jelly come into view.
There is an open door here.
The helpless jelly fails to defend itself.
You bludgeon the jelly!
Your tentacles burn!
You squeeze the jelly!
The jelly is almost dead.
The jelly hits you.
You are splashed with acid!
Ouch! That really hurt!
You die... ▓▓▓▓▓▓▓▓▓▓▓▓▓▓▓▓▓▓ +hlYoJh....†'...<▓ ▓▓▓▓▓▓▓▓▓▓▓▓▓▓▓▓▓▓

You could see an ice beast (asleep), an iguana (asleep), a hound (asleep), a jelly and an orc (asleep).

Vanquished Creatures
  2 endoplasms (D)
  A giant cockroach (D)
  A ball python (D)
  A rat (D)
5 creatures vanquished.

Notes
Turn   | Place    | Note
-------+----------+-------------------------------------------
     0 | D        | rocky1 the Octopode Shapeshifter began the quest for the
                  | Orb.
     0 | D        | Reached XP level 1. HP: 13/13 MP: 1/1
   137 | D        | Noticed a hound
   137 | D        | Noticed an iguana
   137 | D        | Noticed an ice beast
   137 | D        | Noticed a jelly
   139 | D        | Splashed by a jelly's acid

Illustrated notes

Levels and vault maps discovered:
D:        linesprint [early_d, line_temple, items_1, d_10, items_2, lair_1,
          lair_end, items_3, orc_1, orc_end, items_4, d_15, swamp_1, shoals_1,
          snake_1, spider_1, d_20, vaults_1, items_5, swamp_end, shoals_end,
          snake_end, spider_end, vaults_end, d_27, items_6, zot_1, zot_end,
          crypt_end, forest_end, elf_end, slime_end, tomb_end, abyss_end,
          pan_hell_end]

Skill      XL: |  1 |
---------------+----+-----
Stealth        | 2 |  2.3
Fighting       | |  1.0
Dodging        | |  2.1
Unarmed Combat | |  3.7
Shapeshifting  | |  3.3

Action                     || total
---------------------------++-------
  Melee: Unarmed           ||    10
         Constrict         ||     1
         Tentacles         ||     1
   Stab: Sleeping          ||     5
 Armour: Skin              ||     3
  Dodge: Dodged            ||     1

Table legend: (Time is in decaauts)
 A = Elapsed time spent in this place.
 B = Non-inter-level travel time spent in this place.
 C = Inter-level travel time spent in this place.
 D = Time resting spent in this place.
 E = Time spent auto-exploring this place.
 F = Levels seen in this place.
 G = Mean time per level.
                   A        B        C        D        E       F      G
               +--------+--------+--------+--------+--------+-----+--------+
         Total |    138 |    138 |      0 |    118 |      0 |   1 |  138.0 |
       Dungeon |    138 |    138 |      0 |    118 |      0 |   1 |  138.0 |
               +--------+--------+--------+--------+--------+-----+--------+

Top non-repeatable levels by time:
       D: 138 daAuts
